 Dungeon Crawl Stone Soup version 0.19-a0-1216-g363869b (webtiles) character file.

91 JustSomeDude the Skirmisher (level 4, -1/37 HPs)
             Began as a Demonspawn Fighter on Aug 23, 2016.
             Slain by a gnoll
             ... wielding a +0 halberd
              (3 damage)
             ... on level 3 of the Dungeon.
             The game lasted 00:03:15 (1486 turns).

JustSomeDude the Skirmisher (Demonspawn Fighter)    Turns: 1486, Time: 00:03:16

Health: -1/37      AC:  8    Str: 22    XL:     4   Next: 34%
Magic:  4/4        EV:  7    Int: 10    God:
Gold:   101        SH:  9    Dex: 12    Spells: 0 memorised, 3 levels left

rFire  . . .     SeeInvis .     a - +0 war axe
rCold  . . .     Gourm    .     b - +0 scale mail
rNeg   . . .     Faith    .     c - +0 shield
rPois  .         Spirit   .     (no helmet)
rElec  .         Dismiss  .     (no cloak)
rCorr  .         Reflect  .     (no gloves)
MR     .....     Harm     .     (no boots)
Stlth  ..........               (no amulet)
                                (no ring)
                                (no ring)

@: mighty
A: claws 1, thin metallic scales 1
a: no special abilities


You were on level 3 of the Dungeon.
You were not hungry.

You visited 1 branch of the dungeon, and saw 3 of its levels.

You collected 101 gold pieces.

Inventory:

Hand Weapons
 a - a +0 war axe (weapon)
Armour
 b - a +0 scale mail (worn)
 c - a +0 shield (worn)
Jewellery
 i - a +1 ring of protection {unknown}
 k - an uncursed amulet of magic regeneration {unknown}
Wands
 l - a wand of slowing (10/48)
Scrolls
 h - 4 scrolls of identify {unknown}
 j - a scroll of enchant weapon {unknown}
Potions
 d - a potion of might
 e - 2 potions of magic {unknown}
Comestibles
 f - 2 bread rations
 g - 2 fruits
 m - 4 chunks of flesh


   Skills:
 + Level 3.7 Fighting
 + Level 2.4 Axes
 + Level 3.2 Armour
 + Level 0.3 Dodging
 + Level 3.2 Shields


You had 3 spell levels left.
You didn't know any spells.

Dungeon Overview and Level Annotations

Branches:
Dungeon (3/15)

Altars:
Makhleb
Ru
Trog


Innate Abilities, Weirdness & Mutations

You have sharp fingernails.
You are partially covered in thin metallic scales. (AC +2)


Message History

You barely miss the giant cockroach.
The giant cockroach is almost dead.
The giant cockroach closely misses you. The gnoll closely misses you.
You slash the giant cockroach!
You kill the giant cockroach!
The gnoll hits you from afar with a halberd!
* * * LOW HITPOINT WARNING * * *
You feel very mighty all of a sudden. The gnoll barely misses you.
An orc comes into view. It is wielding a war axe.
The orc shouts!
The gnoll hits you with a halberd!
* * * LOW HITPOINT WARNING * * *
Found a viscous green potion and a dagger.
Things that are here:
a falchion; an orc corpse; a giant cockroach corpse You slash the gnoll!
The gnoll is almost dead.
The gnoll hits you with a halberd.
You die...

#.##........##..########.
#..######..#....# #..
##.## .##.##...#####..
#..#.. ..# .#.....##...
#..#.o (.# #.###....##
#..#..##(.# #.# #..###
#..#..![..# .#.# #..#
##.##..g.##.##.......
#..###@....#......(..
##....†...##.........#
###....###...........
###### ...........#
...........#


You could see a gnoll and an orc.

Vanquished Creatures
  Jessica (D:2)
  2 adders (D:2)
  A worm (D:2)
  3 dart slugs (D:2)
  An orc (D:3)
  4 giant cockroaches
  5 goblins
  7 hobgoblins
  4 kobolds
  4 bats
  5 giant newts
  2 rats (D:2)
39 creatures vanquished.

Notes
Turn   | Place    | Note
-------+----------+-------------------------------------------
     0 | D:1      | JustSomeDude the Demonspawn Fighter began the quest for the Orb.
     0 | D:1      | Reached XP level 1. HP: 18/18 MP: 1/1
   224 | D:1      | Gained mutation: You are partially covered in thin metallic scales. (AC +2) [demonic ancestry]
   224 | D:1      | Reached XP level 2. HP: 24/24 MP: 2/2
   706 | D:2      | Reached XP level 3. HP: 24/29 MP: 3/3
   738 | D:2      | Found a sacrificial altar of Ru.
   883 | D:2      | Noticed Jessica
   887 | D:2      | Killed Jessica
   902 | D:2      | Found a burning altar of Makhleb.
   990 | D:2      | Gained mutation: You have sharp fingernails. [demonic ancestry]
   990 | D:2      | Reached XP level 4. HP: 24/37 MP: 4/4
  1302 | D:2      | Found a bloodstained altar of Trog.
  1486 | D:3      | Slain by a gnoll

Vault maps used:
D:1:      erik_arrival_cave_to_civilisation
D:2:      bloody_makhleb, marbit_many_paths, hangedman_ru_absence, uniq_jessica
D:3:      minmay_goblin_kobold_castle, minmay_randomly_rotated_circles

Skill      XL: |  1  2  3 |
---------------+----------+-----
Armour         | 3 |  3.2
Shields        | 3 |  3.2
Axes           | 2 |  2.4
Fighting       | |  3.7
Dodging        | |  0.3

Action                   |  1- 3 |  4- 6 || total
-------------------------+-------+-------++-------
Melee: War axe           |    82 |    49 ||   131
  Use: Potion            |       |     1 ||     1
  Eat: Fruit             |       |     1 ||     1
       Chunk             |       |     1 ||     1
Armor: Scale mail        |    36 |    18 ||    54
Dodge: Dodged            |    28 |    19 ||    47
Block: Shield            |    50 |    17 ||    67
